 Dungeon Crawl Stone Soup version 0.30.0-29-ga12c61a403 (webtiles) character file.

Game seed: 3470056758783610270

394 monsoonserge the Insei (level 6, 0/35 HPs)
             Began as an Octopode Transmuter on June 5, 2023.
             Slain by a wyvern zombie (7 damage)
             ... in an ossuary.
             The game lasted 00:08:57 (2892 turns).

monsoonserge the Insei (Octopode Transmuter)        Turns: 2892, Time: 00:08:58

Health: 0/35       AC:  1    Str: 12    XL:     6   Next: 82%
Magic:  9/9        EV: 13    Int: 15    God:
Gold:   280        SH:  0    Dex: 12    Spells: 4/10 levels left

rFire   . .          .
                       - Unarmed
rCold   . . .        (no shield)
rNeg    . . .        (helmet restricted)
rPois   .            (no amulet)
rElec   .            (no ring)
rCorr   .            (no ring)
SInv    .            (no ring)
Will    .....        (no ring)
Stlth   +++          (no ring)
HPRegen 0.25/turn    (no ring)
MPRegen 0.11/turn    (no ring)
                     (no ring)

%: clarity
@: brilliant
A: almost no armour, amphibious, 8 rings, camouflage 1, gelatinous body 1,
(nimble swimmer 1), tentacles, clarity, frail 1
a: no special abilities


You were in an ossuary.
You visited 1 branch of the dungeon, and saw 4 of its levels.
You also visited: Ossuary.

You collected 280 gold pieces.

Inventory:

Missiles
 b - 2 silver boomerangs (quivered)
 y - 14 stones
 B - 4 poisoned darts
Magical Staves
 s - a staff of earth
Jewellery
 A - a ring of fire
Wands
 p - a wand of flame (17)
 u - a wand of charming (8)
Scrolls
 d - 2 scrolls of fear {unknown}
 e - a scroll of silence {unknown}
 i - a scroll of enchant armour {unknown}
 j - 3 scrolls of fog {unknown}
 k - 6 scrolls of identify {unknown}
 m - 6 scrolls of teleportation {unknown}
 q - a scroll of enchant weapon {unknown}
 r - 2 scrolls of immolation {unknown}
 t - 2 scrolls of vulnerability {unknown}
 w - a scroll of amnesia {unknown}
 x - a scroll of torment {unknown}
Potions
 a - a potion of lignification
 c - a potion of resistance {unknown}
 f - a potion of heal wounds {unknown}
 g - a potion of cancellation {unknown}
 h - a potion of brilliance
 l - a potion of degeneration {unknown}
 n - a potion of flight {unknown}
 o - a potion of mutation
 v - a potion of attraction {unknown}
 z - a potion of might {unknown}


   Skills:
 + Level 1.8 Fighting
 + Level 2.5 Dodging
 - Level 1.0 Stealth
 * Level 5.7 Unarmed Combat
 + Level 2.5 Spellcasting
 + Level 2.9 Transmutations
 - Level 1.0 Poison Magic
 - Level 2.0 Evocations


You had 4 spell levels left.
You knew the following spells:

 Your Spells              Type           Power      Damage    Failure   Level
a - Beastly Appendage     Tmut           32%        N/A       6%          1
b - Wereblood             Tmut           16%        N/A       10%         2
c - Spider Form           Tmut/Pois      11%        N/A       28%         3

Your spell library contained the following spells:

 Spells                   Type           Power      Damage    Failure   Level
 Ice Form                 Ice/Tmut       9%         N/A       75%         4


Dungeon Overview and Level Annotations

Branches:
Dungeon (4/15)            Ossuary (1/1)
 Temple: D:4-7

Altars:
Fedhas
Sif Muna


Innate Abilities, Weirdness & Mutations

You cannot wear most types of armour.
You are amphibious.
You can wear up to eight rings at the same time.
Your skin changes colour to match your surroundings (Stealth+).
Your rubbery body absorbs attacks. (AC +1, EV +1)
((You are camouflaged when in or above water. (Stealth+)))
You have tentacles for arms and can constrict up to eight enemies at once.
You possess an exceptional clarity of mind.
You are frail. (-10% HP)


Message History

You tentacle-slap the mummy. You squeeze the mummy.
The mummy is severely damaged.
You howl as the wereblood boils in your veins!
You constrict the mummy. The mummy hits you.
* * * LOW HITPOINT WARNING * * *
You tentacle-slap the mummy. You squeeze the mummy.
You feel a bit better.
You destroy the mummy!
Casting: Wereblood (safe; 10% risk of failure)
Confirm with . or Enter, or press ? or * to list all spells.
You feel a surge of power!
One of your tentacles grows a vicious spike.
You tentacle-slap the mummy but do no damage.
You grab the mummy.
You pierce the mummy!
You squeeze the mummy!
You feel a bit better.
You destroy the mummy!
Training target 2.0 for Evocations reached!
Your Evocations skill increases to level 2!
You howl as the wereblood boils in your veins!
Your transformation is almost over.
Your primal bloodlust is almost over.
A wyvern zombie comes into view.
There is an open door here.
Your primal bloodlust has ended.
There is an open door here.
Your tentacle spike disappears.
A mummy comes into view.
You bludgeon the wyvern zombie!
The wyvern zombie is lightly damaged.
The wyvern zombie closely misses you.
You barely miss the wyvern zombie.
The wyvern zombie is lightly damaged.
The wyvern zombie closely misses you.
You tentacle-slap the wyvern zombie.
The wyvern zombie is moderately damaged.
The wyvern zombie bites you!
* * * LOW HITPOINT WARNING * * *
It was a potion of mutation.
You feel extremely strange.
You feel frail.
Your thoughts seem clearer.
The wyvern zombie bites you!
You die...

### ### #.# #.#
##+#+#'#+#+#+#'#
#.'.M..Z@.......+
###.#####.#####.###
#.#...#.'.#
#.#.∩.'.###
#.#∩..#.+ #.#####.#
+.+ +.' #.# #.##
#.# #.+


You could see a mummy and a wyvern zombie.

Vanquished Creatures
  A necrophage (D:4)
  A scorpion (D:4)
  A howler monkey (D:4)
  2 iguanas (D:4)
  6 mummies
  3 adders
  A worm (D:3)
  3 dart slugs
  9 ball pythons
  7 bats
  8 endoplasms
  A giant cockroach (D:3)
  4 goblins
  4 hobgoblins (D:1)
  7 jackals
  5 quokkas
  5 frilled lizards
  A goblin zombie (D:4)
  4 kobolds
  A kobold zombie (D:4)
  4 rats
78 creatures vanquished.

Notes
Turn   | Place    | Note
-------+----------+-------------------------------------------
     0 | D:1      | monsoonserge the Octopode Transmuter began the quest for
                  | the Orb.
     0 | D:1      | Reached XP level 1. HP: 13/13 MP: 3/3
   240 | D:1      | Reached XP level 2. HP: 18/18 MP: 3/5
   261 | D:1      | Learned a level 2 spell: Wereblood
   459 | D:1      | Reached XP level 3. HP: 17/23 MP: 4/6
   465 | D:1      | Learned a level 3 spell: Spider Form
   598 | D:1      | Reached skill level 4 in Unarmed Combat
  1265 | D:2      | Reached XP level 4. HP: 22/28 MP: 5/7
  1761 | D:3      | Reached skill level 1 in Poison Magic
  2022 | D:3      | Reached skill level 1 in Stealth
  2282 | D:3      | Found a faded altar of an unknown god.
  2417 | D:4      | Reached XP level 5. HP: 26/33 MP: 6/8
  2518 | D:4      | Reached skill level 5 in Unarmed Combat
  2518 | D:4      | Reached skill level 1 in Evocations
  2577 | D:4      | Reached XP level 6. HP: 39/39 MP: 7/9
  2582 | D:4      | Found a shimmering blue altar of Sif Muna.
  2668 | D:4      | Found a blossoming altar of Fedhas.
  2836 | D:4      | Found a sand-covered staircase.
  2851 | Ossuary  | Entered an ossuary
  2892 | Ossuary  | Gained mutation: You are frail. (-10% HP) [potion of
                  | mutation]
  2892 | Ossuary  | Gained mutation: You possess an exceptional clarity of
                  | mind. [potion of mutation]
  2892 | Ossuary  | Slain by a wyvern zombie

Illustrated notes

Levels and vault maps discovered:
D:1:      psy_arrival_heroes, layout_basic
D:2:      layout_loops_ring, minmay_cut_off
D:3:      layout_basic, nicolae_overflow_hidden_temple,
          chequers_ecumenical_altar_grove
D:4:      layout_loops_ring, fedhas_altar_decomposition,
          mainiacjoe_overflow_six_doors_small, minmay_temple_entry_large_hall,
          nicolae_ossuary_entry_giza
Ossuary:  ossuary_zaba_flooded

Skill      XL: |  1  2  3  4  5  6 |
---------------+-------------------+-----
Unarmed Combat | 4 5 |  5.7
Poison Magic   | 1 |  1.0
Stealth        | 1 |  1.0
Evocations     | 1 2 |  2.0
Fighting       | |  1.8
Dodging        | |  2.5
Spellcasting   | |  2.5
Transmutations | |  2.9

Action                     |  1- 3 |  4- 6 || total
---------------------------+-------+-------++-------
  Melee: Unarmed           |    66 |   112 ||   178
         Tentacles         |    13 |    26 ||    39
         Constrict         |    17 |    23 ||    40
         Kick              |    18 |    23 ||    41
         Punch             |     2 |     5 ||     7
   Cast: Beastly Appendage |    22 |    25 ||    47
         Wereblood         |       |     1 ||     1
  Evoke: Wand              |       |     1 ||     1
    Use: Potion            |       |     2 ||     2
   Stab: Sleeping          |     4 |     6 ||    10
 Armour: Skin              |     3 |     8 ||    11
  Dodge: Dodged            |    36 |    77 ||   113
